 Dungeon Crawl Stone Soup version 0.29.1-1-gd02db6906a (webtiles) character file.

Game seed: 17075940075091871849

18816 tardwrangler69 the Peltast (level 12, 0/91 HPs)
             Began as a Formicid Chaos Knight on Sept 28, 2022.
             Was a Plaything of Xom.
             Killed from afar by a hell hound (9 damage)
             ... with a blast of flame
             ... led by Azrael
             ... on level 13 of the Dungeon.
             The game lasted 00:18:56 (12189 turns).

tardwrangler69 the Peltast (Formicid Chaos Knight) Turns: 12189, Time: 00:18:56

Health: 0/91       AC: 13    Str: 20      XL:     12   Next: 99%
Magic:  12/12      EV: 12    Int:  7 (9)  God:    Xom [..*...]
Gold:   568        SH: 18    Dex: 12 (13) Spells: 11/11 levels left

rFire   . . .      SeeInvis +   r - +5 trident of Urgency {vorpal, rElec rPois rN++ Int-3}
rCold   . . .      Faith    +   i - +0 tower shield
rNeg    + + +      Spirit   .   J - +1 pearl dragon scales
rPois   +          Reflect  .   (helmet unavailable)
rElec   +          Harm     .   B - +0 cloak {Stlth+}
rCorr   .          Rampage  .   (no gloves)
Will    ++...                   (no boots)
Stlth   +.........              H - amulet of faith
HPRegen 0.25/turn               a - +4 ring of evasion
MPRegen 0.13/turn               z - ring of positive energy

@: invisible
A: permanent stasis, dig shafts and tunnels, antennae 3, four strong arms,
hooves 1, deterioration 1, frail 1, strong-willed 1, weak 1, noise suppression
a: Dig, Shaft Self, Renounce Religion


You were on level 13 of the Dungeon.
You worshipped Xom.
You were a toy of Xom.
You visited 1 branch of the dungeon, and saw 12 of its levels.

You collected 688 gold pieces.
You spent 120 gold pieces at shops.

Inventory:

Hand Weapons
 r - the +5 trident of Urgency (weapon) {vorpal, rElec rPois rN++ Int-3}
   (You found it on level 2 of the Dungeon)

   It inflicts extra damage upon your enemies.
   Int:       It affects your intelligence (-3).
   rElec:     It insulates you from electricity.
   rPois:     It protects you from poison.
   rN:        It greatly protects you from negative energy.
 E - the +7 falchion "Osukudim" {spect, Contam rF+ Will+}
   (You found it on level 6 of the Dungeon)

   When its wielder attacks, the weapon's spirit leaps out and strikes again.
   The spirit shares a part of any damage it takes with its wielder.
   rF:        It protects you from fire.
   Contam:    It causes magical contamination when unequipped.
   Will:      It increases your willpower.
Armour
 b - +0 swamp dragon scales
 i - a +0 tower shield (worn)
 B - a +0 cloak of stealth (worn)
 J - +1 pearl dragon scales (worn)
Jewellery
 a - a +4 ring of evasion (left hand)
 x - a ring of flight
 z - a ring of positive energy (right hand)
 H - an amulet of faith (around neck)
Wands
 g - a wand of mindburst (28)
 n - a wand of iceblast (2)
 v - a wand of polymorph (19)
 w - a wand of acid (12)
 A - a wand of digging (13)
 L - a wand of flame (27)
Scrolls
 k - a scroll of magic mapping {unknown}
 q - a scroll of enchant armour
 s - a scroll of poison
 y - 2 scrolls of fear
 C - 2 scrolls of vulnerability
Potions
 d - 5 potions of heal wounds
 e - a potion of berserk rage
 f - a potion of haste
 h - 2 potions of might
 l - 4 potions of curing
 m - 2 potions of mutation
 o - a potion of brilliance {unknown}
 p - 3 potions of flight
 t - a potion of cancellation {unknown}
 u - a potion of lignification
 D - 4 potions of attraction
 I - a potion of resistance {unknown}
 K - 2 potions of degeneration {unknown}
Miscellaneous
 c - a piece from Xom's chessboard (15/15) (quivered)
 j - a piece from Xom's chessboard (15/15)
 G - a condenser vane
 M - a piece from Xom's chessboard (15/15)


   Skills:
 + Level 11.9 Fighting
 - Level 4.6(9.2) Axes
 + Level 12.3(12.7) Polearms
 - Level 2.1 Armour
 - Level 0.8 Dodging
 - Level 15.6 Shields


You had 11 spell levels left.
You didn't know any spells.
Your spell library contained the following spells:

 Spells                   Type           Power      Damage    Failure   Level
 Foxfire                  Conj/Fire      0%         2x1d4     99%         1
 Necrotise                Necr           0%         1d4       99%         1
 Shock                    Conj/Air       0%         1d3       99%         1
 Static Discharge         Conj/Air       0%         3-3/arc   100%        2
 Gell's Gravitas          Tloc           0%         N/A       100%        3
 Ignite Poison            Fire/Tmut/Pois 0%         N/A       100%        3
 Mephitic Cloud           Conj/Pois/Air  0%         N/A       100%        3
 Teleport Other           Tloc           0%         N/A       100%        3
 Anguish                  Hex/Necr       0%         N/A       100%        4
 Borgnjor's Vile Clutch   Necr/Erth      0%         N/A       100%        5
 Freezing Cloud           Conj/Ice/Air   0%         6-21      100%        5
 Lightning Bolt           Conj/Air       0%         1d11      100%        5
 Summon Forest            Summ/Tloc      0%         N/A       100%        5
 Summon Mana Viper        Hex/Summ       0%         N/A       100%        5
 Dispersal                Tloc           0%         N/A       100%        6
 Summon Cactus Giant      Summ           0%         N/A       100%        6
 Malign Gateway           Summ/Tloc      0%         N/A       100%        7
 Maxwell's Capacitive Co  Air            0%         ∞         100%        8
 Death's Door             Necr           0%         N/A       100%        9


Dungeon Overview and Level Annotations

Branches:
Dungeon (13/15)            Temple (0/1) D:6            Lair (0/5) D:8
    Orc (0/2) D:12
 Vaults: D:13-14

Altars:
Dithmenos
Elyvilon
Fedhas
Nemelex Xobeh
Ru
Sif Muna
Trog
Uskayaw
Xom
Yredelemnul
Zin
The Shining One

Shops:
D:1 (   D:3 [=*   D:6 ?   D:13 !

Annotations:
D:5 Prince Ribbit
D:6 2 transporters, Fractals's ghost, novice HuCj
D:8 3 runed translucent doors, exclusion: downstairs, Wentworth's ghost, novice DsIE
D:10 Lodul
D:13 Azrael


Innate Abilities, Weirdness & Mutations

You cannot be hasted, slowed, berserked, paralysed or teleported.
You can dig through walls and to a lower floor.
You have a pair of large antennae on your head. (SInv)
Your four strong arms can wield two-handed weapons with a shield.
You have large cloven feet.
Your body sometimes deteriorates upon taking damage.
You are frail. (-10% HP)
You are strong-willed. (Will+)
You are weak. (Str -2)
You passively dampen the noise of your surroundings.


Message History

The blast of flame hits the hell hound.
The hell hound completely resists.
The blast of flame hits you!
Your body deteriorates!
You feel dopey. Azrael gestures at you.
The sphere of damnation explodes!
The damnation engulfs you!!
* * * LOW HITPOINT WARNING * * *
Your body deteriorates!
You feel clumsy.
The damnation engulfs the hell hound!!
The hell hound dies!
There is an open door here.
Okay, then.
You feel better.
You fade into invisibility!
Xom thinks this is hilarious!
Xom thinks this is hilarious!
The hell hound breathes flames at you. The blast of flame hits you!
* * * LOW HITPOINT WARNING * * *
Your body deteriorates!
You feel dopey.
There is a stone staircase leading down here.
Azrael gestures at the hell hound.
The sphere of damnation explodes!
The damnation engulfs the hell hound!!
Xom's power touches on a nearby monster.
Azrael flickers and vanishes for a moment.
The hell hound breathes flames at you. The blast of flame hits you!
* * * LOW HITPOINT WARNING * * *
Azrael gestures at something.
The sphere of damnation explodes!
There is an open door here.
You block the hell hound's attack. You block the hell hound's attack.
The hell hound attacks as you move away!
You block the hell hound's attack. The hell hound breathes flames at you.
The blast of flame misses you. The hell hound breathes flames at you.
The blast of flame hits you!
You die... "This toy is broken."

* * #.......# ###......
##'###### ######' #.#
###..... #<## #...####
######..#########''####
+.............+..<..∩..+
########.###############
#.# { #@## #..## ##h.#
##.## #..# ##.#
########'###
#..........#
#.........R#


You could see a hell hound (catching breath).

Vanquished Creatures
  Kirke (D:12)
  Josephine (D:12)
  Harold (D:9)
  4 two-headed ogres
  Amaemon (D:9)
  An orc knight (D:12)
  A manticore (D:12)
  3 cyclopes (D:12)
  Maurice (D:8)
  A gargoyle (D:12)
  Maggie (D:7)
  Psyche (D:9)
  2 unseen horrors
  A queen bee (D:8)
  Grinder (D:5)
  2 trolls (D:12)
  A hornet (D:7)
  6 wraiths
  13 yaks
  A vampire (D:12)
  A hog (D:12)
  A fire elemental (D:13)
  4 vampire mosquitoes
  2 steam dragons
  2 swamp worms (D:9)
  Menkaure (D:6)
  An acid dragon (D:12)
  4 orc warriors
  2 black bears
  A sky beast (D:7)
  4 ogres
  3 centaurs
  A phantom (D:4)
  A kobold brigand (D:9)
  A bullfrog (D:9)
  2 necrophages
  2 scorpions
  18 wights
  5 killer bees (D:10)
  2 howler monkeys
  2 jellies (D:6)
  4 hounds
  Crazy Yiuf (D:3)
  5 orc priests (D:12)
  2 gnoll boudas
  Ijyb (D:5)
  3 iguanas
  4 orc wizards
  15 gnolls
  7 adders
  A white imp (D:5)
  2 ufetubi
  3 worms
  22 orcs
  3 ball pythons
  An endoplasm (D:1)
  10 goblins
  6 hobgoblins
  8 jackals
  4 quokkas
  7 bats
  3 frilled lizards
  12 kobolds
  A rat (D:1)
229 creatures vanquished.

Vanquished Creatures (collateral kills)
  Erica (D:10)
  A yak (D:10)
  A bullfrog (D:7)
  A wight (D:8)
  An adder (D:5)
5 creatures vanquished.

Vanquished Creatures (others)
  An orange demon (D:9)
  A yak (D:10)
  2 hogs (D:12)
  A hell hound (D:13)
  An orc (D:12)
  A kobold (D:9)
  2 fungi (D:1)
  33 plants
42 creatures vanquished.

Grand Total: 276 creatures vanquished

Notes
Turn   | Place    | Note
-------+----------+-------------------------------------------
     0 | D:1      | tardwrangler69 the Formicid Chaos Knight began the quest
                  | for the Orb.
     0 | D:1      | Reached XP level 1. HP: 18/18 MP: 1/1
   237 | D:1      | Reached XP level 2. HP: 24/24 MP: 2/2
   374 | D:1      | Found Uzugho's Weapon Emporium.
   409 | D:1      | XOM: silly message
   706 | D:1      | Found a faded altar of an unknown god.
   775 | D:2      | Reached XP level 3. HP: 29/29 MP: 3/3
   778 | D:2      | XOM: silly message
   883 | D:2      | XOM: enchant monster (good)
   993 | D:2      | XOM: give mutations
   993 | D:2      | Gained mutation: You possess an exceptional clarity of
                  | mind. [Xom's grace]
   993 | D:2      | Gained mutation: You are resistant to electric shocks.
                  | (rElec) [Xom's grace]
  1053 | D:2      | XOM: divination: detect creatures
  1140 | D:2      | Reached XP level 4. HP: 35/35 MP: 4/4
  1183 | D:2      | XOM: give mutations
  1183 | D:2      | Gained mutation: You are agile. (Dex +4, Str/Int -1) [Xom's
                  | grace]
  1183 | D:2      | Gained mutation: You are strong-willed. (Will+) [Xom's
                  | grace]
  1195 | D:2      | Identified the +5 trident of Urgency {vorpal, rElec rPois
                  | rN++ Int-3}
  1432 | D:2      | XOM: give mutations
  1432 | D:2      | Gained mutation: You passively dampen the noise of your
                  | surroundings. [Xom's grace]
  1432 | D:2      | Gained mutation: You passively map a small area around you.
                  | [Xom's grace]
  1432 | D:2      | Gained mutation: You have an increased reservoir of magic.
                  | (+10% MP) [Xom's grace]
  1492 | D:3      | Found a runed translucent door.
  1493 | D:3      | Noticed Crazy Yiuf
  1556 | D:3      | Found Dethrerops's Jewellery Shop.
  1675 | D:3      | Found Dunaaroe's Armour Shoppe.
  1682 | D:3      | Found a blossoming altar of Fedhas.
  1688 | D:3      | XOM: god gift: +0 antimagic glaive
  1703 | D:3      | Reached skill level 1 in Polearms
  1727 | D:3      | Found a glowing silver altar of Zin.
  1884 | D:3      | Found Pofuhim's Assorted Antiques.
  2015 | D:3      | Killed Crazy Yiuf
  2016 | D:3      | Reached XP level 5. HP: 17/41 MP: 5/5
  2330 | D:4      | XOM: cleaving
  2473 | D:4      | Reached XP level 6. HP: 47/47 MP: 6/6
  2614 | D:4      | Noticed a black bear
  2622 | D:4      | Killed a black bear
  2623 | D:4      | Reached skill level 5 in Polearms
  2623 | D:4      | Reached XP level 7. HP: 38/52 MP: 7/7
  3227 | D:5      | Entered Level 5 of the Dungeon
  3234 | D:5      | Noticed Ijyb
  3239 | D:5      | Killed Ijyb
  3319 | D:5      | XOM: summons 2 friendly demons
  3353 | D:5      | XOM: give mutations
  3353 | D:5      | Gained mutation: Your system is resistant to poisons.
                  | (rPois) [Xom's grace]
  3353 | D:5      | Gained mutation: You are highly strong-willed. (Will++)
                  | [Xom's grace]
  3472 | D:5      | You fall into a shaft and drop 1 floor!
  3483 | D:6      | Found a bloodstained altar of Trog.
  3588 | D:5      | Noticed Prince Ribbit
  3747 | D:5      | Noticed Grinder
  3762 | D:5      | Killed Grinder
  3763 | D:5      | Reached XP level 8. HP: 38/58 MP: 8/8
  3909 | D:5      | XOM: god gift: Xom's Compendium of the Neverending
                  | Blessings {god gift}
  3913 | D:5      | Got Xom's Compendium of the Neverending Blessings {god
                  | gift}
  4343 | D:6      | Identified the +7 falchion "Osukudim" {spect, Contam rF+
                  | Will+}
  4351 | D:6      | Found Peitev's Magic Scroll Shop.
  4398 | D:6      | XOM: enchant monster (good)
  4409 | D:6      | Found a shimmering blue altar of Sif Muna.
  4478 | D:6      | Got Sif Muna's Spellbook of Electric Arcane Weapons
  4529 | D:6      | XOM: cast spell 'Summon Horrible Things'
  4636 | D:6      | Found a staircase to the Ecumenical Temple.
  4709 | D:6      | XOM is BORED!
  4709 | D:6      | XOM: summons 1 hostile demon
  4750 | D:6      | XOM: butterfly on damage
  4753 | D:6      | Reached XP level 9. HP: 41/64 MP: 9/9
  4778 | D:6      | XOM: give mutations
  4778 | D:6      | Lost mutation: You are resistant to electric shocks.
                  | (rElec) [Xom's mischief]
  4778 | D:6      | Gained mutation: Armour fits poorly on your strangely
                  | shaped body. [Xom's mischief]
  4778 | D:6      | Gained mutation: You have large cloven feet. [Xom's
                  | mischief]
  4778 | D:6      | Gained mutation: Your spells are a little easier to cast,
                  | but a little less powerful. [Xom's mischief]
  4878 | D:6      | Reached skill level 10 in Polearms
  4896 | D:6      | Found a sacrificial altar of Ru.
  4929 | D:6      | Noticed Menkaure
  4935 | D:6      | Killed Menkaure
  5020 | D:6      | Noticed a hornet
  5045 | D:6      | Noticed a queen bee
  5052 | D:6      | XOM: draining
  5075 | D:6      | Found a transporter.
  5079 | D:6      | Found a transporter.
  5079 | D:6      | Noticed Fractals's ghost (novice HuCj)
  5185 | D:6      | XOM: silly message
  5391 | D:7      | XOM: divination: detect creatures
  5436 | D:7      | XOM: cast spell 'Call Canine Familiar'
  5442 | D:7      | Reached skill level 1 in Shields
  5444 | D:7      | Reached skill level 2 in Shields
  5514 | D:7      | XOM: give mutations
  5514 | D:7      | Lost mutation: You have an increased reservoir of magic.
                  | (+10% MP) [Xom's mischief]
  5514 | D:7      | Lost mutation: You are agile. (Dex +4, Str/Int -1) [Xom's
                  | mischief]
  5514 | D:7      | Gained mutation: You are weak. (Str -2) [Xom's mischief]
  5514 | D:7      | Gained mutation: You are frail. (-10% HP) [Xom's mischief]
  5639 | D:7      | Found a shadowy altar of Dithmenos.
  5706 | D:7      | Found a hide-covered altar of Uskayaw.
  5713 | D:7      | Reached skill level 3 in Shields
  5718 | D:7      | Found a shimmering altar of Xom.
  5719 | D:7      | Found a basalt altar of Yredelemnul.
  5734 | D:7      | Noticed Maggie
  5740 | D:7      | XOM: enchant monster (good)
  5753 | D:7      | Killed Maggie
  5754 | D:7      | Reached skill level 4 in Shields
  5823 | D:7      | XOM: divination: magic mapping
  5829 | D:7      | Noticed a hornet
  5836 | D:7      | Killed a hornet
  5837 | D:7      | Reached skill level 5 in Shields
  5925 | D:7      | XOM: give mutations
  5925 | D:7      | Lost mutation: You are frail. (-10% HP) [Xom's mischief]
  5925 | D:7      | Gained mutation: You occasionally lose the ability to drink
                  | potions when taking damage. [Xom's mischief]
  5925 | D:7      | Gained mutation: Your body sometimes deteriorates upon
                  | taking damage. [Xom's mischief]
  5925 | D:7      | Lost mutation: Armour fits poorly on your strangely shaped
                  | body. [Xom's mischief]
  6016 | D:8      | Noticed Maurice
  6027 | D:8      | XOM: scenery: create altars
  6047 | D:8      | Killed Maurice
  6048 | D:8      | Reached skill level 5 in Fighting
  6048 | D:8      | Reached skill level 6 in Shields
  6048 | D:8      | Reached XP level 10. HP: 67/74 MP: 10/10
  6134 | D:8      | Found a white marble altar of Elyvilon.
  6182 | D:8      | XOM: polymorph sky beast -> basilisk
  6183 | D:8      | XOM: summons 1 hostile shadow creature
  6188 | D:8      | XOM: polymorph basilisk -> queen bee
  6191 | D:8      | XOM: smoke on damage
  6196 | D:8      | Reached skill level 7 in Shields
  6247 | D:7      | XOM: give mutations
  6247 | D:7      | Lost mutation: You have large cloven feet. [Xom's mischief]
  6247 | D:7      | Lost mutation: You are highly strong-willed. (Will++)
                  | [Xom's mischief]
  6409 | D:8      | Lost mutation: You possess an exceptional clarity of mind.
                  | [potion of mutation]
  6409 | D:8      | Lost mutation: You occasionally lose the ability to drink
                  | potions when taking damage. [potion of mutation]
  6409 | D:8      | Lost mutation: Your body sometimes deteriorates upon taking
                  | damage. [potion of mutation]
  6409 | D:8      | Lost mutation: You are weak. (Str -2) [potion of mutation]
  6409 | D:8      | Gained mutation: You expend magic power (3 MP) to
                  | strengthen your wands. [potion of mutation]
  6609 | D:8      | Reached skill level 8 in Shields
  6611 | D:8      | XOM: give mutation
  6611 | D:8      | Lost mutation: You expend magic power (3 MP) to strengthen
                  | your wands. [Xom's mischief]
  6726 | D:8      | XOM: summons friendly rust devil
  6755 | D:8      | XOM: scenery: summon butterflies
  6846 | D:8      | Noticed a ten-headed hydra
  6847 | D:8      | Found a runed translucent gate.
  6847 | D:8      | Found a runed translucent gate.
  6848 | D:8      | Found a runed translucent gate.
  6848 | D:8      | Noticed a ten-headed hydra
  6848 | D:8      | Noticed Wentworth's ghost (novice DsIE)
  7007 | D:8      | Found a staircase to the Lair.
  7026 | D:8      | XOM: god gift: potion of curing
  7077 | D:8      | XOM: scenery: create altars
  7093 | D:8      | Reached skill level 9 in Shields
  7094 | D:8      | XOM: confuse monster(s)
  7176 | D:8      | XOM: god gift: 34 gold pieces
  7315 | D:8      | XOM: scenery: summon butterflies
  7561 | D:9      | XOM: give mutation
  7561 | D:9      | Lost mutation: Your spells are a little easier to cast, but
                  | a little less powerful. [Xom's mischief]
  7765 | D:9      | Noticed Psyche
  7766 | D:9      | XOM: cast spell 'Cause Fear'
  7771 | D:9      | XOM: noise
  7775 | D:9      | Killed Psyche
  7806 | D:9      | Noticed an orange demon
  7806 | D:9      | Noticed Amaemon
  7817 | D:9      | XOM: summons 2 friendly demons
  7820 | D:9      | XOM: divination: detect creatures
  7821 | D:9      | XOM: enchant monster (good)
  7834 | D:9      | XOM: enchant monster (good)
  7835 | D:9      | Killed Amaemon
  7836 | D:9      | Reached skill level 10 in Shields
  8033 | D:9      | XOM: summons friendly crimson imp
  8038 | D:9      | XOM: polymorph crimson imp -> quasit
  8047 | D:9      | XOM: enchant monster (good)
  8055 | D:9      | Reached skill level 11 in Shields
  8055 | D:9      | Reached XP level 11. HP: 71/84 MP: 11/11
  8159 | D:9      | XOM: enchant monster (bad)
  8256 | D:9      | XOM: cloud trail
  8278 | D:9      | XOM: silly message
  8326 | D:9      | Noticed a two-headed ogre
  8329 | D:9      | XOM: cast spell 'Cause Fear'
  8330 | D:9      | XOM: enchant monster (bad)
  8337 | D:9      | Killed a two-headed ogre
  8338 | D:9      | Reached skill level 12 in Shields
  8423 | D:9      | XOM: noise
  8448 | D:9      | XOM: silly message
  8449 | D:9      | Got the Almanac of Profane Liturgies
  8463 | D:9      | Noticed Harold
  8474 | D:9      | XOM: cast spell 'Call Canine Familiar'
  8475 | D:9      | XOM: scenery: create altars
  8488 | D:9      | Killed Harold
  8671 | D:9      | XOM: noise
  8726 | D:9      | XOM: god gift: piece from Xom's chessboard (15/15)
  8790 | D:9      | XOM is BORED!
  8790 | D:9      | XOM: summons 3 hostile shadow creatures
  8797 | D:9      | Noticed a sun demon
  8798 | D:9      | XOM: cleaving
  8801 | D:9      | XOM: polymorph killer bee -> adder
  8910 | D:9      | Found a glowing golden altar of the Shining One.
  8926 | D:9      | XOM: divination: magic mapping
  8948 | D:10     | Entered Level 10 of the Dungeon
  8953 | D:10     | XOM: divination: detect creatures
  8962 | D:10     | Noticed Erica
  8965 | D:10     | Reached skill level 13 in Shields
  8969 | D:10     | Killed Erica
  9020 | D:10     | XOM: give mutation
  9020 | D:10     | Gained mutation: Your flesh is cold resistant. (rC+) [Xom's
                  | grace]
  9150 | D:10     | XOM: scenery: 2 doors open, 2 doors close
  9172 | D:10     | XOM: divine lightning
  9179 | D:10     | XOM: fog
  9180 | D:10     | XOM: scenery: 1 doors open
  9191 | D:10     | XOM: summons friendly iron imp
  9192 | D:10     | XOM: summons friendly white imp
  9195 | D:10     | XOM: fog
  9196 | D:10     | XOM: god gift: 9 gold pieces
  9201 | D:10     | XOM: summons 2 friendly demons
  9211 | D:10     | XOM: summons 4 friendly demons
  9219 | D:10     | Reached skill level 14 in Shields
  9335 | D:10     | XOM: god gift: 2 boomerangs
  9368 | D:10     | XOM: divination: detect creatures
  9411 | D:10     | Noticed Lodul
  9437 | D:10     | XOM: summons 3 hostile shadow creatures
  9438 | D:10     | Noticed a two-headed ogre
  9441 | D:10     | You fall into a shaft and drop 3 floors!
  9699 | D:12     | XOM: torment (58/89 hp)
  9872 | D:12     | Noticed a cyclops
  9876 | D:12     | Killed a cyclops
  9920 | D:12     | Noticed a two-headed ogre
  9938 | D:12     | Killed a two-headed ogre
  9939 | D:12     | Reached XP level 12. HP: 29/96 MP: 12/12
  9987 | D:12     | Noticed a two-headed ogre
 10022 | D:13     | XOM: summons friendly rust devil
 10036 | D:13     | Noticed a two-headed ogre
 10037 | D:13     | Reached skill level 15 in Shields
 10312 | D:12     | XOM: give mutations
 10312 | D:12     | Gained mutation: You have large cloven feet. [Xom's
                  | mischief]
 10312 | D:12     | Lost mutation: Your flesh is cold resistant. (rC+) [Xom's
                  | mischief]
 10312 | D:12     | Lost mutation: Your system is resistant to poisons. (rPois)
                  | [Xom's mischief]
 10312 | D:12     | Lost mutation: You passively map a small area around you.
                  | [Xom's mischief]
 10327 | D:12     | Noticed Josephine
 10328 | D:12     | XOM: silly message
 10333 | D:12     | XOM: torment (56/85 hp)
 10338 | D:12     | XOM: cast spell 'Call Canine Familiar'
 10341 | D:12     | Killed Josephine
 10343 | D:12     | XOM: summons 6 friendly demons
 10364 | D:12     | XOM: polymorph quasit -> crimson imp
 10370 | D:12     | Reached skill level 10 in Fighting
 10371 | D:12     | XOM: summons friendly shadow imp
 10798 | D:12     | Noticed Kirke
 10798 | D:12     | XOM: enchant monster (good)
 10807 | D:12     | XOM: enchant monster (bad)
 10824 | D:12     | XOM: enchant monster (good)
 10835 | D:12     | XOM: summons 4 friendly demons
 10839 | D:12     | Killed a two-headed ogre
 10839 | D:12     | XOM: chaos upgrade
 10845 | D:12     | XOM: swap monsters
 10851 | D:12     | XOM: blink monster(s)
 10856 | D:12     | Killed Kirke
 10860 | D:12     | XOM: blink monster(s)
 10862 | D:12     | XOM: summons 2 friendly demons
 10964 | D:12     | XOM: give mutation
 10964 | D:12     | Gained mutation: You are frail. (-10% HP) [Xom's mischief]
 11024 | D:12     | XOM: confuse monster(s)
 11054 | D:12     | Found a staircase to the Orcish Mines.
 11120 | D:12     | XOM: polymorph electric eel -> steam dragon
 11122 | D:12     | XOM: cast spell 'Dispersal'
 11126 | D:12     | XOM: give mutations
 11126 | D:12     | Gained mutation: Your body sometimes deteriorates upon
                  | taking damage. [Xom's mischief]
 11126 | D:12     | Gained mutation: You are weak. (Str -2) [Xom's mischief]
 11339 | D:12     | Found a sparkling altar of Nemelex Xobeh.
 11353 | D:12     | Noticed a two-headed ogre
 11369 | D:12     | XOM: fake destruction
 11370 | D:13     | Found Hor Ejisa's Distillery.
 11415 | D:13     | XOM: divination: detect items
 11590 | D:12     | Killed a two-headed ogre
 11596 | D:12     | XOM: polymorph human -> raiju
 11601 | D:12     | XOM: polymorph raiju -> elephant
 11654 | D:12     | XOM: summons 2 friendly demons
 11833 | D:12     | XOM: destruction
 12011 | D:12     | XOM: summons 7 hostile demons
 12056 | D:13     | Bought a potion of lignification for 45 gold pieces
 12056 | D:13     | Bought a potion of heal wounds for 75 gold pieces
 12164 | D:13     | Noticed Azrael
 12170 | D:13     | XOM: confusion (+ monsters)
 12183 | D:13     | XOM: enchant monster (bad)
 12189 | D:13     | Killed from afar by a hell hound

Illustrated notes

Levels and vault maps discovered:
D:1:      dpeg_arrival_rooms_with_view, layout_basic, serial_shops,
          nicolae_shop_crystal, shapermc_ecumenical_altar_mp_ritualfount
D:2:      layout_basic
D:3:      minmay_spotlight, layout_basic, zin_scriptorium,
          fedhas_ov_isle_minmay, serial_shops, shop_fountains,
          nicolae_shop_overgrown_old_shop, nicolae_lakefront_shop,
          uniq_crazy_yiuf_cottage
D:4:      layout_basic, serial_bayou, serial_bayou_lake_a, serial_bayou_pond_e,
          serial_bayou_pond_d, serial_bayou_lagoon_a, serial_bayou_crossing
D:5:      layout_basic, minmay_diced_spiral, uniq_grinder, uniq_prince_ribbit1,
          uniq_ijyb
D:6:      layout_basic, nzn_overflow_gifts_of_might_and_magic,
          nicolae_ru_path_of_blood, minmay_temple_entry_wispy, serial_shops,
          nicolae_lakefront_shop, gammafunk_ghost_hive, uniq_menkaure
D:7:      layout_rooms, nicolae_overflow_crystal_walls, minitemple, uniq_maggie
D:8:      layout_layer_cave, mainiacjoe_overflow_surrounded_room,
          lair_entry_dummy, gammafunk_ghost_hydra_chop, enter_bailey_3,
          chequers_garden, uniq_maurice
D:9:      layout_basic, tso_oasis_becter, worms_lemuel, uniq_harold,
          uniq_psyche, uniq_amaemon
D:10:     layout_irregular_city, nicolae_figureground_sparkle, uniq_erica,
          uniq_lodul
D:12:     layout_roguey, erik_orc_2, minmay_misc_feat_encased,
          nemelex_spade_bored_becter, uniq_kirke, uniq_josephine
D:13:     layout_roguey, serial_shops, nicolae_shop_hallway_stairs,
          chequers_serial_rivers_micro_b, nicolae_shop_clearance, uniq_azrael

Skill      XL: |  1  2  3  4  5  6  7  8  9 10 11 12 |
---------------+-------------------------------------+-----
Axes           | 4 |  4.6
Polearms       | 2 4 5 8 9 11 12 | 12.3
Shields        | 6 11 14 15 | 15.6
Fighting       | 5 7 9 11 | 11.9
Armour         | |  2.1
Dodging        | |  0.8

Action                   |  1- 3 |  4- 6 |  7- 9 | 10-12 || total
-------------------------+-------+-------+-------+-------++-------
Melee: Hand axe          |    53 |     2 |       |       ||    55
       Trident           |       |    84 |   200 |   566 ||   850
       Kick              |       |       |    25 |    83 ||   108
 Abil: Shaft Self        |       |       |       |     1 ||     1
       Dig               |       |       |       |     1 ||     1
  Use: Scroll            |       |       |     5 |    17 ||    22
       Potion            |       |       |       |     3 ||     3
 Stab: Sleeping          |     1 |     4 |    15 |       ||    20
       Paralysed         |     4 |       |     1 |     1 ||     6
       Petrified         |       |       |     9 |       ||     9
       Distracted        |       |       |       |     1 ||     1
       Confused          |       |       |       |     2 ||     2
Armor: Leather armour    |    17 |    26 |    11 |       ||    54
       Pearl dragon scal |       |       |     6 |    69 ||    75
Dodge: Dodged            |    41 |    35 |    45 |   132 ||   253
Block: Tower shield      |     8 |    53 |    69 |   403 ||   533
